AoeStats
← Gorlami

Lombardia

509388437Analyzed
4v4 RM · 4d ago on Sep 26, 2026· 37m 18s· 8 players
Game mode
Random Map
Map size
Large (8 player)
Population
200
Speed
Normal
Resources
Standard
Victory
Conquest
Starting age
Dark Age
Ending age
Imperial Age
RankedLock teamsTeams togetherTeam positionsShared explorationLock speedFull tech treeHidden civsTurbo modeCheats
Victory
Defeat
🇦🇷 Khmer · Argentina
1760
+12
🇦🇷 Huns · Argentina
1676
+15
🇦🇷 Celts · Argentina
1646
+16
🇦🇷 Aztecs · Argentina
1571
+19
🇦🇷 Ethiopians · Argentina
1696
-17
🇦🇷 Teutons · Argentina
1680
-17
🇦🇷 Bengalis · Argentina
1617
-14
🇦🇷 Khitans · Argentina
1610
-14
[Ne0] Nicolas del Caño
7:37 Loom
9:55 Feudal Age
14:29 Castle Age
12:58 Double-Bit Axe
13:00 Horse Collar
17:28 Bow Saw
20:34 Scale Barding Armor
22:38 Bloodlines
24:07 Wheelbarrow
23:56 Heavy Plow
24:43 Forging
26:53 Chain Barding Armor
30:14 Iron Casting
37:31 Imperial Age
35:49 Gold Mining
36:18 Fletching
[Ne0] Fidel Castro
7:08 Loom
9:22 Feudal Age
9:54 Double-Bit Axe
11:25 Fletching
13:43 Padded Archer Armor
18:47 Wheelbarrow
24:47 Castle Age
23:18 Gold Mining
23:13 Horse Collar
24:49 Crossbowman
25:25 Bodkin Arrow
25:51 Bow Saw
26:14 Leather Archer Armor
26:52 Ballistics
27:11 Heavy Plow
32:01 Hand Cart
37:22 Imperial Age
35:39 Thumb Ring
[Ne0] Carlos Menem
6:08 Loom
8:29 Feudal Age
10:33 Double-Bit Axe
16:37 Domestication
23:59 Castle Age
25:38 Bow Saw
28:47 Imperial Age
27:24 Scale Mail Armor
27:50 Forging
27:54 Gambesons
29:48 Chain Mail Armor
31:41 Pastoralism
32:05 Squires
33:48 Ballistics
35:18 Plate Mail Armor
34:39 Arson
37:43 Iron Casting
[Ne0] Javier Milei
8:04 Loom
10:56 Feudal Age
14:51 Castle Age
13:22 Double-Bit Axe
13:23 Horse Collar
17:41 Fletching
24:12 Ballistics
25:20 Bodkin Arrow
28:33 Wheelbarrow
28:03 Heavy Plow
28:55 Bow Saw
31:55 Hand Cart
35:45 Imperial Age
33:46 Padded Archer Armor
33:48 Squires
34:29 Paiks
34:57 Leather Archer Armor
34:49 Scale Barding Armor
34:54 Forging
34:55 Bloodlines
34:46 Husbandry
34:51 Town Watch
34:59 Gold Mining
35:01 Stone Mining
36:28 Bracer
37:32 Chemistry
36:06 Elite Ratha (Ranged)
Bill Order
11:26 Feudal Age
12:52 Double-Bit Axe
15:25 Castle Age
14:16 Loom
16:38 Bow Saw
16:08 Horse Collar
16:48 Scale Mail Armor
16:24 Eagle Warrior
18:39 Squires
20:00 Arson
22:59 Forging
25:12 Chain Mail Armor
26:09 Gold Mining
28:02 Wheelbarrow
28:33 Iron Casting
30:15 Hand Cart
33:50 Heavy Plow
34:10 Stone Mining
MUERE CACA
4:37 Loom
9:06 Feudal Age
9:11 Man-at-Arms
10:39 Arson
13:05 Double-Bit Axe
20:13 Castle Age
18:17 Fletching
19:38 Gold Mining
19:31 Horse Collar
20:50 Bodkin Arrow
24:17 Heavy Plow
26:59 Wheelbarrow
27:57 Bow Saw
28:40 Hand Cart
32:59 Imperial Age
32:24 Caravan
32:23 Stone Mining
33:09 Gold Shaft Mining
33:06 Capped Ram
34:23 Siege Ram
35:54 Furor Celtica
36:05 Conscription
36:47 Siege Engineers
Gorlami
11:04 Feudal Age
9:21 Loom
11:07 Feudal Age
12:02 Double-Bit Axe
12:02 Horse Collar
14:23 Castle Age
15:24 Bow Saw
21:30 Wheelbarrow
21:58 Stone Mining
23:34 Heavy Plow
23:28 Gold Mining
27:31 Imperial Age
26:05 Scale Barding Armor
26:11 Forging
27:08 Ballistics
27:11 Chain Barding Armor
26:55 Husbandry
27:12 Bloodlines
28:15 Gold Shaft Mining
29:11 Chemistry
28:18 Siege Engineers
29:09 Plate Barding Armor
29:16 Hand Cart
29:41 Conscription
33:25 Double Crossbow
34:35 Crop Rotation
34:12 Elite Ballista Elephant
MiMo
6:17 Loom
8:18 Feudal Age
9:07 Horse Collar
9:12 Double-Bit Axe
15:05 Forging
16:32 Scale Barding Armor
18:09 Wheelbarrow
22:34 Castle Age
21:34 Bloodlines
21:26 Gold Mining
23:02 Light Cavalry
25:35 Husbandry
26:28 Town Watch
29:42 Bow Saw
35:50 Hand Cart
Connection lost

Rejoining the realm…

Still unreachable

The connection could not be restored.

Session expired

The server has moved on; the page needs a fresh start.